 Dungeon Crawl Stone Soup version 0.19.5 (webtiles) character file.

371 greprep the Chopper (level 6, -2/53 HPs)
             Began as a Minotaur Fighter on May 2, 2017.
             Was an Initiate of Gozag.
             Slain by a bullfrog zombie (4 damage)
             ... on level 5 of the Dungeon.
             The game lasted 00:09:13 (3086 turns).

greprep the Chopper (Minotaur Fighter)              Turns: 3086, Time: 00:09:15

Health: -2/53      AC:  7    Str: 28    XL:     6   Next: 42%
Magic:  5/5        EV:  8    Int:  5    God:    Gozag
Gold:   180        SH: 10    Dex:  9    Spells: 0 memorised, 5 levels left

rFire  . . .     SeeInvis .     a - +0 war axe
rCold  . . .     Gourm    .     b - +0 scale mail
rNeg   . . .     Faith    .     c - +0 shield
rPois  .         Spirit   .     y - +0 hat
rElec  .         Reflect  .     (no cloak)
rCorr  .         Harm     .     (no gloves)
MR     .....                    (no boots)
Stlth  ..........               (no amulet)
                                (no ring)
                                (no ring)

@: mighty
A: retaliatory headbutt, horns 2
a: Potion Petition, Call Merchant, Bribe Branch, Renounce Religion


You were on level 5 of the Dungeon.
You worshipped Gozag.
Gozag was aware of your devotion.
You were near starving.

You visited 1 branch of the dungeon, and saw 5 of its levels.

You collected 571 gold pieces.
You spent 354 gold pieces at shops.
You paid 37 gold pieces to Gozag.

Inventory:

Hand Weapons
 a - a +0 war axe (weapon)
Armour
 b - a +0 scale mail (worn)
 c - a +0 shield (worn)
 y - a +0 hat (worn)
Jewellery
 i - a +5 ring of strength {unknown}
 p - an uncursed ring of fire {unknown}
Wands
 s - a wand of random effects (27/48)
Scrolls
 e - 10 scrolls of identify {unknown}
 h - a scroll of magic mapping {unknown}
 j - a scroll of amnesia {unknown}
 k - a scroll of enchant weapon {unknown}
 l - 8 scrolls of remove curse {unknown}
 r - a scroll of blinking {unknown}
 w - a scroll of enchant armour {unknown}
Potions
 d - 2 potions of might
 g - a potion of degeneration {unknown}
 m - a potion of beneficial mutation {unknown}
 n - 3 potions of berserk rage {unknown}
 o - 2 potions of ambrosia {unknown}
 q - a potion of resistance {unknown}
 t - a potion of magic {unknown}
 u - a potion of curing {unknown}
 v - a potion of cancellation {unknown}
 A - a potion of flight {unknown}
Comestibles
 f - 5 bread rations
 x - 3 beef jerkies
 z - 5 meat rations


   Skills:
 + Level 4.6 Fighting
 + Level 5.5 Axes
 + Level 5.1 Armour
 + Level 1.5 Dodging
 + Level 0.1 Stealth
 + Level 4.9 Shields


You had 5 spell levels left.
You didn't know any spells.

Dungeon Overview and Level Annotations

Branches:
Dungeon (5/15)             Temple (0/1) D:4

Altars:
Gozag
Okawaru

Shops:
D:4 %


Innate Abilities, Weirdness & Mutations

You reflexively headbutt those who attack you in melee.
You have a pair of horns on your head.


Message History

A bullfrog zombie comes into view.
A sky beast appears from thin air!
Reactivating autopickup.
Found a scroll labeled RIECLEBIDE.
An adder skeleton comes into view.
You barely miss the sky beast. Your headbutt misses the sky beast.
The sky beast is heavily wounded.
You barely miss the bullfrog zombie. You block the bullfrog zombie's attack.
The sky beast hits you but does no damage.
The bullfrog zombie hits you but does no damage.
The sky beast hits you but does no damage.
The sky beast flickers out of sight!
Deactivating autopickup; reactivate with Ctrl-A.
Something hits you.
* * * LOW HITPOINT WARNING * * *
Something shocks you.
* * * LOW HITPOINT WARNING * * *
The bullfrog zombie hits you.
You die...
Your body crumbles into a pile of gold.

##..........##
...........?.#
#..|........##
#............#
#...........#
#.....?.....#
#....Z..>...#
##....{.....##
#....@Z......#
##...≈.........#
#..#...........#
##.##.......#.....
#..####.....$.....
##.## #######.....
#.## #... #<# #.
#.#..#


You could see a bullfrog zombie and an adder skeleton.

Vanquished Creatures
  An orc priest (D:3)
  An iguana (D:4)
  5 worker ants (D:4)
  A hound skeleton (D:4)
  2 howler monkey skeletons
  9 adders
  2 oozes
  An adder skeleton (D:4)
  2 dart slugs
  4 leopard geckos
  11 orcs
  6 bats
  2 giant cockroaches (D:2)
  6 goblins
  4 hobgoblins
  2 kobolds
  2 quokkas
  A frilled lizard (D:3)
  7 rats
69 creatures vanquished.

Notes
Turn   | Place    | Note
-------+----------+-------------------------------------------
     0 | D:1      | greprep the Minotaur Fighter began the quest for the Orb.
     0 | D:1      | Reached XP level 1. HP: 19/19 MP: 0/0
   155 | D:1      | Reached XP level 2. HP: 20/27 MP: 1/1
   504 | D:2      | You fall through a shaft!
   531 | D:2      | Found an opulent altar of Gozag.
   547 | D:2      | Became a worshipper of Gozag Ym Sagoz the Greedy
   695 | D:2      | Reached XP level 3. HP: 33/33 MP: 2/2
  1388 | D:2      | Reached XP level 4. HP: 31/40 MP: 3/3
  1729 | D:3      | Reached XP level 5. HP: 28/46 MP: 4/4
  1863 | D:3      | Found an iron altar of Okawaru.
  2241 | D:4      | Reached skill level 1 in Dodging
  2283 | D:4      | Found a staircase to the Ecumenical Temple.
  2345 | D:4      | Found Kanush's Food Shop.
  2351 | D:4      | Bought a beef jerky for 18 gold pieces
  2351 | D:4      | Bought a beef jerky for 18 gold pieces
  2351 | D:4      | Bought a beef jerky for 18 gold pieces
  2351 | D:4      | Bought a meat ration for 60 gold pieces
  2351 | D:4      | Bought a meat ration for 60 gold pieces
  2351 | D:4      | Bought a meat ration for 60 gold pieces
  2351 | D:4      | Bought a meat ration for 60 gold pieces
  2351 | D:4      | Bought a meat ration for 60 gold pieces
  2426 | D:4      | Reached skill level 5 in Axes
  2426 | D:4      | Reached XP level 6. HP: 44/53 MP: 5/5
  2481 | D:4      | Reached skill level 5 in Armour
  3013 | D:4      | Noticed a sky beast
  3043 | D:4      | HP: 1/53 [something (5)]
  3070 | D:5      | Entered Level 5 of the Dungeon
  3086 | D:5      | HP: 2/53 [something (5)]
  3086 | D:5      | Slain by a bullfrog zombie

Skill      XL: |  1  2  3  4  5  6 |
---------------+-------------------+-----
Shields        | 4 |  4.9
Armour         | 4 5 |  5.1
Fighting       | 4 |  4.6
Axes           | 3 4 5 |  5.5
Dodging        | 1 |  1.5
Stealth        | |  0.1

Action                   |  1- 3 |  4- 6 || total
-------------------------+-------+-------++-------
Melee: War axe           |    94 |   134 ||   228
       Headbutt          |    10 |    21 ||    31
Invok: Potion Petition   |     1 |       ||     1
  Use: Potion            |       |     1 ||     1
  Eat: Bread ration      |     1 |       ||     1
       Pizza             |       |     1 ||     1
Armor: Scale mail        |    56 |    54 ||   110
Dodge: Dodged            |    41 |    35 ||    76
Block: Shield            |    59 |    72 ||   131
